Map: Odyssey LE

Players

Bly

  • Race: Zerg Zerg
  • Spawn Location: 5:00

KebabKing (SpaceMarine) - Winner!

  • Race: Protoss Protoss
  • Spawn Location: 11:00

Event: WCS Jonkoping 2017

VOD

Have the link to the VOD?

Description

Time

  • Played on: June 17, 2017, 11:15 a.m.
  • Length: 37:57

All games in this series

Show
View Real Time Build Order
Export as new Build Order

Bly Zerg 

Build Orders: Hatch First 

Get SALT Encoding   

  12  0:01  Drone  
  13  0:12  Overlord  
  13  0:17  Drone  
  14  0:31  Drone x2  
  16  0:36  Drone  
  17  0:53  Hatchery  
  16  1:02  Drone  
  17  1:27  Spawning Pool  
  17  1:28  Drone x3  
  17  1:31  Extractor  
  18  1:40  Drone  
  19  1:50  Overlord  
  19  2:02  Drone  
  19  2:06  Drone  
  20  2:13  Queen  
  20  2:15  Zergling x2  
  23  2:16  Queen  
  23  2:17  Zergling x2  
  27  2:22  Drone  
  27  2:26  Drone  
  28  2:32  Metabolic Boost  
  28  2:38  Drone x2  
  30  2:50  Hatchery  
  29  2:54  Drone x2  
  29  2:57  Drone  
  32  3:02  Overlord  
  32  3:05  Queen  
  32  3:08  Drone  
  35  3:17  Drone x2  
  36  3:24  Zergling x8  
  36  3:25  Zergling x4  
  42  3:32  Overlord  
  42  3:35  Drone x2  
  43  3:43  Overlord  
  43  3:48  Overlord  
  43  3:51  Drone  
  43  3:56  Drone x4  
  45  4:04  Drone  
  44  4:13  Overlord  
  44  4:16  Overlord  
  44  4:20  Roach Warren  
  43  4:25  Drone x4  
  43  4:26  Extractor  
  46  4:34  Overlord  
  46  4:35  Overlord  
  46  4:44  Overlord  
  46  4:46  Drone x2  
  46  4:47  Extractor, Zergling x6  
  46  4:48  Zergling x6  
  53  4:56  Zergling x6  
  53  4:59  Lair  
  56  5:09  Overlord  
  55  5:14  Drone  
  55  5:16  Roach x7  
  55  5:18  Roach  
  71  5:22  Roach x2  
  72  5:37  Roach x3  
  72  5:38  Roach  
  75  5:47  Roach x2  
  75  5:48  Roach  
  76  6:03  Overseer  
  69  6:09  Drone x5  
  69  6:10  Drone x3  
  76  6:14  Drone x3  
  79  6:24  Drone x3  
  79  6:25  Drone x3  
  85  6:33  Drone x2  
  85  6:34  Queen, Drone  
  85  6:47  Overseer  
  85  6:50  Glial Reconstitution  
  85  6:54  Drone  
  85  6:55  Roach, Drone x2  
  85  6:56  Roach x4  
  85  6:59  Overlord  
  98  7:08  Overlord  
  98  7:13  Hatchery  
  97  7:17  Spore Crawler  
  97  7:20  Spore Crawler  
  95  7:26  Drone x3  
  95  7:27  Drone  
  99  7:31  Drone x4  
  99  7:32  Drone  
  99  7:33  Queen  
  106  7:39  Drone  
  106  7:40  Drone  
  106  7:41  Overlord  
  106  7:42  Extractor  
  106  7:43  Hydralisk Den  
  102  7:47  Spore Crawler  
  102  7:51  Roach x2  
  105  7:52  Overlord  
  105  7:56  Overlord x3  
  99  8:12  Roach x4  
  97  8:27  Drone x11  
  108  8:38  Overlord  
  108  8:41  Extractor, Overlord  
  108  8:42  Extractor, Muscular Augments  
  108  8:43  Hydralisk x4  
  107  8:48  Hydralisk  
  107  8:49  Hydralisk  
  107  8:52  Hydralisk x4  
  118  8:57  Hydralisk  
  118  8:58  Spore Crawler  
  118  9:02  Overlord  
  119  9:04  Spore Crawler  
  119  9:05  Evolution Chamber  
  119  9:06  Overlord  
  119  9:09  Drone x3  
  121  9:10  Drone  
  113  9:24  Spire  
  110  9:33  Hydralisk x4  
  108  9:44  Drone x5  
  108  9:45  Drone x7  
  97  9:58  Overlord  
  97  10:01  Hydralisk x7  
  111  10:09  Evolution Chamber  
  110  10:16  Hatchery  
  110  10:18  Drone x2  
  110  10:19  Drone x3  
  114  10:21  Drone  
  114  10:22  Drone  
  114  10:24  Queen x2  
  110  10:37  Zerg Flyer Armor Level 1, Drone x2  
  110  10:42  Infestation Pit  
  111  10:45  Drone  
  111  10:46  Drone x10  
  111  10:48  Extractor  
  121  10:54  Hydralisk  
  121  10:55  Hydralisk x3  
  129  11:07  Burrow  
  128  11:18  Infestor x3  
  126  11:23  Extractor x2  
  126  11:24  Corruptor x3  
  136  11:30  Zergling x18  
  145  11:36  Zergling x6  
  145  11:37  Zergling x4  
  145  11:39  Hatchery  
  149  11:46  Zerg Missile Weapons Level 1  
  149  11:48  Zerg Ground Armor Level 1  
  149  11:54  Corruptor  
  149  11:55  Corruptor  
  149  12:00  Corruptor x2  
  156  12:09  Spore Crawler x2, Zergling x12  
  156  12:10  Spore Crawler x5, Zergling x14  
  156  12:12  Overlord  
  162  12:16  Overlord  
  162  12:22  Spore Crawler  
  161  12:25  Spore Crawler  
  161  12:28  Overlord x5  
  149  12:43  Corruptor x2  
  149  12:44  Corruptor x6  
  139  12:51  Zergling x20  
  140  12:54  Zergling x4  
  142  13:01  Corruptor x2  
  141  13:06  Drone x4  
  145  13:14  Zerg Flyer Armor Level 2  
  145  13:19  Zergling x8  
  149  13:29  Zergling x10  
  154  13:34  Hive  
  154  13:41  Hatchery  
  151  13:48  Corruptor  
  151  13:49  Corruptor x5  
  160  13:58  Zergling x22  
  165  14:04  Spore Crawler  
  165  14:05  Baneling Nest  
  165  14:07  Spore Crawler  
  161  14:11  Spore Crawler  
  161  14:12  Spore Crawler x2, Hydralisk x2  
  160  14:28  Hydralisk x5  
  154  14:40  Hydralisk x4  
  154  14:41  Hydralisk  
  143  14:52  Drone x3  
  138  14:53  Drone x3  
  138  14:54  Infestor x3  
  147  15:09  Viper x2  
  147  15:11  Neural Parasite  
  153  15:15  Drone x2  
  153  15:16  Drone x4  
  159  15:23  Baneling  
  159  15:29  Baneling x2  
  159  15:30  Baneling x2  
  157  15:42  Drone x5  
  149  15:43  Drone x5  
  144  15:54  Drone  
  144  15:55  Drone x10  
  148  16:15  Infestor x6  
  158  16:22  Drone x2  
  158  16:23  Drone x4  
  158  16:24  Drone  
  165  16:31  Viper x2  
  155  16:50  Hydralisk x5  
  165  17:08  Corruptor x2  
  162  17:11  Zergling x26  
  179  17:17  Spore Crawler x2  
  179  17:21  Zergling x2  
  175  17:23  Zergling x2  
  176  17:32  Spore Crawler  
  172  17:50  Zergling x2  
  172  17:51  Zergling x20  
  174  18:11  Overseer  
  174  18:12  Overseer  
  173  18:23  Baneling  
  173  18:24  Baneling x4, Centrifical Hooks  
  173  18:26  Hatchery  
  172  18:29  Hatchery  
  172  18:33  Corruptor x2  
  171  18:48  Hydralisk x5  
  173  19:11  Greater Spire  
  173  19:15  Zergling x6  
  173  19:16  Zergling x16  
  183  19:38  Hatchery  
  172  19:57  Drone x6  
  172  19:58  Drone  
  161  20:16  Drone x3  
  164  20:33  Hatchery  
  163  20:35  Extractor  
  163  20:40  Brood Lord x2  
  158  20:55  Drone x2  
  158  20:56  Drone  
  153  21:00  Brood Lord x2  
  153  21:05  Infestor x3  
  158  21:24  Brood Lord x2  
  162  21:29  Queen  
  162  21:36  Queen  
  158  21:57  Drone  
  158  21:58  Drone x2  
  139  22:26  Zergling x18  
  128  22:47  Brood Lord x4  
  128  22:48  Brood Lord  
  138  22:53  Zergling x2  
  138  22:56  Spore Crawler  
  138  22:59  Spore Crawler  
  136  23:10  Corruptor x2  
  136  23:11  Corruptor  
  142  23:13  Viper  
  143  23:29  Zergling x2  
  143  23:30  Zergling x2  
  138  23:53  Hydralisk x5  
  147  24:19  Hatchery  
  146  24:28  Overseer x2  
  143  25:05  Corruptor x2  
  147  26:12  Overlord x3  
  145  27:04  Spore Crawler  
  145  27:05  Drone x3  
  145  27:06  Spore Crawler, Infestor x3  
  145  27:08  Spore Crawler  
  151  27:16  Spore Crawler, Drone  
  151  27:21  Extractor  
  144  28:01  Corruptor x6  
  156  28:10  Drone x2  
  156  28:11  Drone  
  156  28:12  Extractor  
  140  29:01  Zergling x16  
  145  29:11  Hydralisk Den  
  145  29:12  Zergling x4  
  145  29:13  Zergling x4  
  148  29:17  Overseer  
  148  29:37  Zergling x2  
  148  29:38  Zergling x10  
  154  29:41  Queen x2, Hatchery  
  154  29:42  Baneling Nest  
  151  29:51  Lurker Den  
  151  29:52  Hydralisk x3  
  156  29:57  Overseer x2  
  153  30:17  Zergling x18  
  154  30:37  Corruptor x3  
  149  31:12  Corruptor x5  
  149  31:14  Corruptor x2  
  151  31:36  Infestor x3  
  136  31:49  Corruptor  
  136  31:57  Corruptor  
  136  32:01  Spore Crawler, Drone  
  133  32:04  Spore Crawler x2  
  115  32:18  Lair  
  105  32:28  Infestor  
  103  32:41  Drone x2  
  103  32:42  Drone x3  
  108  32:46  Spawning Pool  
  107  32:54  Drone x3  
  110  33:05  Drone x5  
  115  33:20  Infestation Pit  
  114  33:50  Hydralisk  
  114  33:51  Hydralisk x5  
  114  33:53  Queen x2  
  129  34:04  Spore Crawler  
  129  34:05  Spore Crawler x2  
  129  34:08  Spore Crawler  
  125  34:16  Spore Crawler  
  124  34:18  Spore Crawler  
  124  34:19  Drone  
  124  34:20  Drone  
  124  34:22  Extractor  
  124  34:36  Infestor x3  
  124  34:37  Extractor  
  129  34:49  Hatchery  
  128  35:06  Spine Crawler  
  127  35:07  Spine Crawler  
  126  35:19  Infestor  
  128  35:22  Infestor  
  128  35:23  Infestor x2  
  120  36:05  Infestor  
  120  36:06  Infestor  
  120  36:07  Drone x2  
  120  36:08  Drone  
  127  36:18  Spore Crawler  
  126  36:20  Spore Crawler x2  
  126  36:21  Spore Crawler  
  126  36:22  Spore Crawler x4  
  126  36:24  Spore Crawler  
  126  36:25  Infestor  
  120  36:27  Spore Crawler  
  120  36:31  Spore Crawler  
  118  36:35  Spore Crawler  
  117  36:50  Spore Crawler  
Show
View Real Time Build Order
Export as new Build Order

KebabKing Protoss - Winner!

Build Orders: 1 Gate Expand, Mass Adepts 

Get SALT Encoding   

  12  0:01  Probe (Chrono Boost)  
  13  0:11  Probe (Chrono Boost)  
  14  0:17  Pylon  
  14  0:22  Probe (Chrono Boost)  
  15  0:35  Probe (Chrono Boost)  
  16  0:36  Gateway  
  16  0:42  Assimilator  
  16  0:46  Probe (Chrono Boost)  
  17  0:56  Probe (Chrono Boost)  
  18  1:07  Probe (Chrono Boost)  
  19  1:17  Probe (Chrono Boost)  
  20  1:26  Nexus  
  20  1:35  Cybernetics Core  
  20  1:39  Assimilator  
  20  1:41  Probe (Chrono Boost)  
  21  1:49  Pylon  
  21  1:52  Probe (Chrono Boost)  
  22  2:02  Probe (Chrono Boost)  
  23  2:12  Adept (Chrono Boost)  
  23  2:13  Mothership Core (Chrono Boost)  
  27  2:16  Warp Gate (Chrono Boost)  
  27  2:31  Probe (Chrono Boost)  
  28  2:37  Probe  
  28  2:39  Adept (Chrono Boost)  
  28  2:43  Probe  
  32  2:44  Twilight Council  
  32  2:48  Probe (Chrono Boost)  
  33  2:55  Probe (Chrono Boost)  
  34  3:00  Probe (Chrono Boost)  
  34  3:02  Adept  
  37  3:06  Probe (Chrono Boost)  
  37  3:11  Probe (Chrono Boost)  
  39  3:18  Resonating Glaives, Probe (Chrono Boost)  
  39  3:19  Pylon  
  40  3:25  Probe (Chrono Boost)  
  40  3:26  Gateway  
  41  3:30  Sentry  
  41  3:32  Gateway  
  43  3:36  Pylon  
  43  3:38  Probe (Chrono Boost)  
  44  3:43  Probe (Chrono Boost)  
  45  3:49  Probe  
  45  3:51  Gateway  
  45  3:55  Probe  
  45  4:05  Probe (Chrono Boost)  
  45  4:07  Probe (Chrono Boost)  
  47  4:11  Pylon  
  47  4:12  Pylon  
  47  4:17  Probe (Chrono Boost)  
  47  4:18  Assimilator  
  47  4:19  Probe (Chrono Boost), Assimilator  
  49  4:28  Probe (Chrono Boost)  
  49  4:30  Probe (Chrono Boost)  
  51  4:32  Adept  
  51  4:33  Adept x2  
  58  4:38  Probe (Chrono Boost)  
  58  4:40  Probe (Chrono Boost)  
  58  4:43  Pylon  
  59  4:49  Probe (Chrono Boost), Stargate  
  59  4:50  Adept  
  62  4:54  Adept x3  
  62  4:57  Stargate  
  68  5:09  Probe x2 (Chrono Boost)  
  68  5:13  Sentry  
  72  5:16  Adept x3  
  78  5:26  Nexus  
  78  5:49  Phoenix (Chrono Boost)  
  78  5:50  Pylon  
  78  5:59  Phoenix (Chrono Boost)  
  78  6:03  Probe  
  75  6:09  Pylon  
  75  6:10  Pylon  
  67  6:11  Phoenix (Chrono Boost)  
  67  6:13  Probe  
  67  6:15  Probe  
  69  6:19  Forge  
  69  6:21  Phoenix (Chrono Boost)  
  69  6:24  Stargate  
  72  6:25  Probe  
  72  6:27  Protoss Air Weapons Level 1  
  72  6:29  Probe  
  72  6:30  Adept x3  
  81  6:33  Phoenix (Chrono Boost)  
  81  6:37  Probe  
  82  6:41  Probe  
  82  6:43  Probe, Phoenix (Chrono Boost)  
  82  6:46  Pylon  
  86  6:49  Probe  
  86  6:51  Assimilator  
  86  6:53  Probe x2  
  88  6:54  Phoenix (Chrono Boost)  
  88  6:55  Assimilator  
  91  7:02  Probe  
  91  7:05  Probe x2, Phoenix (Chrono Boost)  
  91  7:08  Phoenix (Chrono Boost)  
  98  7:16  Phoenix (Chrono Boost)  
  100  7:24  Fleet Beacon  
  100  7:29  Pylon, Adept x3  
  106  7:41  Phoenix x2 (Chrono Boost)  
  106  7:43  Probe  
  111  8:06  Pylon x2  
  111  8:09  Carrier (Chrono Boost)  
  111  8:27  Phoenix (Chrono Boost)  
  109  8:35  Carrier (Chrono Boost)  
  109  8:37  Probe x2, Adept x3  
  121  8:42  Photon Cannon  
  121  8:46  Photon Cannon  
  119  8:50  Carrier (Chrono Boost)  
  121  9:01  Nexus  
  119  9:02  Pylon  
  119  9:04  Adept  
  119  9:05  Adept x2  
  119  9:06  Pylon  
  119  9:08  Pylon  
  125  9:23  Carrier (Chrono Boost)  
  125  9:25  Adept x4  
  133  9:46  Carrier (Chrono Boost)  
  133  9:59  Templar Archives  
  131  10:00  Probe x3  
  131  10:03  Carrier (Chrono Boost)  
  140  10:12  Zealot x4  
  154  10:24  Gateway x2  
  154  10:27  Gateway, Carrier (Chrono Boost)  
  154  10:30  Psionic Storm  
  160  10:46  High Templar  
  160  10:50  Adept  
  160  10:51  Adept  
  160  10:56  Probe  
  160  10:57  Probe x2, Assimilator  
  164  10:58  Probe, High Templar, Photon Cannon  
  164  11:02  Carrier  
  170  11:06  Photon Cannon  
  170  11:07  Probe  
  170  11:08  Photon Cannon  
  171  11:15  Adept  
  171  11:16  Adept  
  179  11:25  Photon Cannon  
  179  11:26  Photon Cannon  
  179  11:32  Pylon  
  179  11:33  High Templar  
  179  11:35  Charge (Chrono Boost)  
  179  11:37  Protoss Ground Weapons Level 1  
  180  11:42  Gateway  
  180  11:44  Gateway  
  180  11:45  Gateway  
  180  11:47  Pylon  
  180  11:48  Pylon  
  178  11:56  Adept x6  
  178  11:59  Carrier  
  186  12:11  Carrier  
  198  12:27  Adept x2  
  198  12:28  Adept  
  191  12:43  Archon  
  170  12:52  Adept x2  
  170  12:53  Probe, Adept x5  
  170  12:54  Probe x3  
  182  13:03  Probe  
  182  13:04  Nexus  
  175  13:05  Void Ray  
  175  13:06  Probe x3  
  175  13:07  Pylon  
  180  13:13  High Templar x4  
  188  13:20  Photon Cannon  
  188  13:22  Archon  
  188  13:23  Archon  
  188  13:34  Void Ray  
  188  13:35  High Templar x2  
  192  13:48  Adept  
  192  13:49  Adept x3  
  200  13:58  Adept  
  198  14:05  High Templar  
  198  14:17  Adept  
  198  14:30  Void Ray x2  
  194  14:33  Archon  
  194  14:35  Void Ray  
  198  14:51  High Templar  
  200  15:10  Assimilator  
  200  15:12  Assimilator  
  190  15:44  High Templar x5  
  200  15:55  Photon Cannon  
  181  16:05  Adept  
  181  16:06  Adept x4  
  183  16:29  Mothership Core  
  177  16:33  Nexus  
  177  16:38  Zealot x2  
  177  16:39  Zealot x8  
  195  16:53  Robotics Facility  
  190  17:13  Zealot  
  190  17:14  Zealot x5  
  200  17:18  Pylon  
  200  17:21  Pylon, Gateway  
  200  17:22  Gateway  
  200  17:25  Gateway x2  
  198  17:44  Oracle  
  198  17:48  Observer (Chrono Boost)  
  198  18:02  Photon Cannon  
  198  18:04  Photon Cannon  
  192  18:06  Photon Cannon  
  192  18:07  Observer (Chrono Boost)  
  192  18:08  Photon Cannon  
  192  18:10  Photon Cannon  
  193  18:37  Observer (Chrono Boost)  
  194  18:41  Assimilator  
  194  18:44  High Templar x2  
  197  18:52  Oracle  
  197  18:55  Observer (Chrono Boost)  
  184  19:20  Zealot  
  184  19:21  Zealot x6  
  198  19:44  Void Ray  
  198  19:50  Void Ray  
  194  19:54  Zealot  
  194  19:55  Zealot x5  
  200  20:04  Protoss Ground Weapons Level 2 (Chrono Boost)  
  188  20:16  Zealot  
  188  20:17  Zealot x6  
  200  20:26  Assimilator  
  200  20:33  Nexus  
  200  20:35  Assimilator  
  200  20:37  Assimilator  
  200  20:41  Pylon  
  186  20:53  High Templar x4  
  186  20:55  High Templar x2  
  186  20:56  High Templar  
  186  20:57  High Templar  
  198  21:02  Archon x3  
  198  21:03  Archon  
  184  21:05  High Templar x2  
  184  21:08  Zealot x4  
  184  21:10  Void Ray  
  200  21:18  Protoss Air Weapons Level 2  
  200  21:27  Photon Cannon  
  188  21:49  Zealot x4  
  188  21:50  Zealot x6, Photon Cannon  
  192  22:28  Zealot x2  
  192  22:29  Zealot x3  
  179  22:48  Observer  
  178  23:04  Zealot x5  
  186  23:09  Observer  
  187  23:20  Oracle  
  181  23:29  Probe x3  
  181  23:30  Observer  
  163  23:41  Probe  
  163  23:42  Carrier  
  163  23:45  Carrier  
  156  23:53  Carrier  
  156  23:55  Probe  
  166  23:56  Probe x3  
  166  23:59  Nexus  
  166  24:01  Pylon  
  174  24:06  Probe  
  174  24:08  Probe  
  174  24:24  Assimilator  
  174  24:32  High Templar x4  
  174  24:33  High Templar  
  174  24:38  Probe x3  
  183  24:48  Nexus  
  183  24:50  Probe  
  184  25:00  Archon  
  184  25:03  Probe x3, Oracle  
  184  25:06  Oracle  
  190  25:15  Probe  
  190  25:18  Probe x2  
  193  25:27  Probe  
  193  25:28  Zealot x2  
  198  25:45  Zealot  
  200  26:05  Probe  
  200  26:07  Probe  
  193  26:25  Mothership Core  
  192  26:44  Zealot x2  
  192  26:45  Zealot  
  190  27:10  Void Ray  
  190  27:15  Void Ray  
  198  27:26  Carrier  
  195  28:03  Zealot x4  
  195  28:04  Zealot x2  
  191  28:41  Carrier (Chrono Boost)  
  191  28:42  Carrier (Chrono Boost)  
  191  28:45  Assimilator x2  
  191  28:48  Carrier (Chrono Boost)  
  169  29:09  Protoss Air Weapons Level 3 (Chrono Boost)  
  157  29:14  Stargate  
  157  29:15  Stargate  
  151  29:17  Protoss Shields Level 1 (Chrono Boost)  
  151  29:21  Probe x4  
  153  29:29  High Templar  
  155  29:31  Mothership Core  
  155  29:32  Probe  
  155  29:33  Probe  
  158  29:40  Zealot  
  158  29:41  Zealot x4  
  158  29:43  Probe  
  158  29:44  Probe x2  
  168  29:45  Probe  
  168  29:47  Photon Cannon  
  169  29:53  Probe  
  169  29:56  Probe, Carrier (Chrono Boost)  
  169  29:59  Carrier (Chrono Boost)  
  189  30:07  Carrier (Chrono Boost)  
  195  30:15  Photon Cannon  
  195  30:16  Zealot x2  
  195  30:20  Carrier (Chrono Boost)  
  150  31:17  Void Ray x2 (Chrono Boost)  
  159  31:21  Void Ray (Chrono Boost)  
  159  31:22  Void Ray (Chrono Boost)  
  159  31:25  Zealot x5  
  154  31:26  Zealot x7  
  174  31:39  Void Ray (Chrono Boost)  
  176  31:58  Zealot x6  
  176  31:59  Zealot x5  
  194  32:09  Pylon  
  182  32:21  Observer  
  181  32:27  Zealot  
  181  32:28  Zealot x3  
  181  32:43  Probe  
  181  32:44  Probe x3  
  185  32:53  Carrier (Chrono Boost)  
  185  32:54  Pylon  
  188  33:01  Oracle (Chrono Boost)  
  188  33:02  High Templar x4  
  195  33:09  Protoss Shields Level 2 (Chrono Boost)  
  190  33:15  Carrier (Chrono Boost)  
  188  33:22  High Templar x3  
  188  33:23  High Templar  
  188  33:24  Carrier (Chrono Boost)  
  198  33:28  Graviton Catapult (Chrono Boost)  
  198  33:34  Zealot  
  200  33:52  Nexus  
  199  33:58  Void Ray  
  200  34:09  Protoss Air Armor Level 1 (Chrono Boost)  
  200  34:23  Assimilator  
  200  34:27  Assimilator  
  200  34:29  Void Ray  
  196  34:33  Void Ray  
  190  34:49  Void Ray  
  179  35:59  Archon  
  179  36:15  Carrier x3  
  197  36:24  Zealot x2  
  197  36:28  Zealot  
  195  37:09  Void Ray  
  197  37:46  Nexus  
  197  37:48  Pylon  
  197  37:53  Assimilator  
Tags
 
Add a new tag
Caveats
  • Supply blocks, unpowered buildings, or Contaminate may cause inaccurate times.
  • Supply counts are checked every 10 seconds.